 Dungeon Crawl Stone Soup version 0.30-a0-242-g7bf8e6d787 (webtiles) character file.

Game seed: 3101139876891891492

22 Anon1729 the Chopper (level 2, -3/27 HPs)
             Began as a Minotaur Monk on Oct 11, 2022.
             Slain by a hobgoblin (4 damage)
             ... on level 1 of the Dungeon.
             The game lasted 00:00:30 (612 turns).

Anon1729 the Chopper (Minotaur Monk)                 Turns: 612, Time: 00:00:30

Health: -3/27      AC:  2    Str: 15    XL:     2   Next: 68%
Magic:  1/1        EV: 12    Int:  7    God:
Gold:   47         SH:  0    Dex: 12    Spells: 1/1 levels left

rFire   . . .      SeeInvis .    a - +0 hand axe
rCold   . . .      Faith    .    (no shield)
rNeg    . . .      Spirit   .    b - +0 robe
rPois   .          Reflect  .    (helmet restricted)
rElec   .          Harm     .    (no cloak)
rCorr   .          Rampage  .    (no gloves)
Will    .....                    (no boots)
Stlth   ++........               (no amulet)
HPRegen 0.24/turn                (no ring)
MPRegen 0.07/turn                (no ring)

@: no status effects
A: horns 2, retaliatory headbutt
a: no special abilities


You were on level 1 of the Dungeon.
You visited 1 branch of the dungeon, and saw 1 of its levels.

You collected 47 gold pieces.

Inventory:

Hand Weapons
 a - a +0 hand axe (weapon)
Armour
 b - a +0 robe (worn)
Jewellery
 f - an amulet of the acrobat
Scrolls
 d - 4 scrolls of identify {unknown}
 g - a scroll of fear {unknown}
 i - a scroll of torment {unknown}
Potions
 c - a potion of ambrosia
 e - a potion of haste {unknown}
 h - a potion of attraction {unknown}


   Skills:
 + Level 3.9 Fighting
 * Level 4.3 Axes
 + Level 1.2 Armour
 - Level 3.3 Dodging
 - Level 1.5 Stealth


You had one spell level left.
You didn't know any spells.
Your spell library was empty.

Dungeon Overview and Level Annotations

Branches:
Dungeon (1/15)

Altars:


Innate Abilities, Weirdness & Mutations

You have a pair of horns on your head.
You reflexively headbutt those who attack you in melee.


Message History

The gnoll closely misses you.
You hit the gnoll but do no damage. You headbutt the gnoll.
The gnoll is heavily wounded.
The gnoll closely misses you.
You hit the gnoll but do no damage.
The gnoll is heavily wounded.
You hit the quokka. The quokka barely misses you. You furiously retaliate!
You headbutt the quokka.
You kill the quokka!
The gnoll barely misses you.
You hit the gnoll. Your headbutt misses the gnoll.
The gnoll is severely wounded.
You hit the hobgoblin but do no damage. The gnoll barely misses you.
The hobgoblin barely misses you.
You barely miss the gnoll.
The gnoll is severely wounded.
You hit the hobgoblin but do no damage. The gnoll hits you with a +0 whip!
The hobgoblin hits you.
You are too injured to fight recklessly!
You are too injured to fight recklessly!
You are too injured to fight recklessly!
There are monsters nearby!
There are monsters nearby!
You hit the gnoll. Your headbutt misses the gnoll.
The gnoll is severely wounded.
You closely miss the hobgoblin. The gnoll hits you with a +0 whip.
* * * LOW HITPOINT WARNING * * *
The hobgoblin hits you.
* * * LOW HITPOINT WARNING * * *
You hit the gnoll.
The gnoll is almost dead.
You hit the hobgoblin but do no damage. The gnoll hits you but does no damage.
The hobgoblin closely misses you. You furiously retaliate!
You headbutt the hobgoblin. You closely miss the gnoll.
Your headbutt misses the gnoll.
The gnoll is almost dead.
You hit the hobgoblin. The gnoll hits you with a +0 whip.
* * * LOW HITPOINT WARNING * * *
The hobgoblin hits you.
You die...

.........#^.... ..........######
#..###....†.....# # #..#
#.####.###.# .#.#####..# #.# #.#
#.. #..# #..........# #.# #.# ###
#..###..........###.# ##.#####
###..##........gg.....# #.......
##.............†@......# #.......
#.....##...............###.......
#...........#..###.##.#......)...
#..).#.#..###..# #.##...##.######
#..†........#..###.##..##.......#
....##.#...........#..##.#######.
#...........#..###...##.##.....##
.....##.#.#.#.)# ###.#.##.####'.#
.~.~...........# #.#.#.##...##.


You could see a gnoll and a hobgoblin.

Vanquished Creatures
  3 endoplasms (D:1)
  2 giant cockroaches (D:1)
  2 quokkas (D:1)
  A ball python (D:1)
  2 bats (D:1)
  A frilled lizard (D:1)
  6 kobolds (D:1)
  6 rats (D:1)
23 creatures vanquished.

Notes
Turn   | Place    | Note
-------+----------+-------------------------------------------
     0 | D:1      | Anon1729 the Minotaur Monk began the quest for the Orb.
     0 | D:1      | Reached XP level 1. HP: 19/19 MP: 0/0
   314 | D:1      | Reached skill level 4 in Axes
   314 | D:1      | Reached XP level 2. HP: 21/27 MP: 1/1
   370 | D:1      | Reached skill level 1 in Armour
   612 | D:1      | HP: 1/27 [gnoll/+0 whip (4)]
   612 | D:1      | Slain by a hobgoblin

Illustrated notes

Levels and vault maps discovered:
D:1:      evilmike_arrival_rings, layout_loops_ring, serial_bayou_pond_d,
          chequers_mini_garden, corner_web_ring, kennysheep_another_room,
          corexii_leaking_fountain, minivault_26

Skill      XL: |  1  2 |
---------------+-------+-----
Axes           | 4 |  4.3
Armour         | 1 |  1.2
Fighting       | |  3.9
Dodging        | |  3.3
Stealth        | |  1.5

Action                   || total
-------------------------++-------
Melee: Hand axe          ||    52
       Headbutt          ||     7
Armor: Robe              ||    10
Dodge: Dodged            ||    37

Table legend: (Time is in decaauts)
 A = Elapsed time spent in this place.
 B = Non-inter-level travel time spent in this place.
 C = Inter-level travel time spent in this place.
 D = Time resting spent in this place.
 E = Time spent auto-exploring this place.
 F = Levels seen in this place.
 G = Mean time per level.
                   A        B        C        D        E       F      G
               +--------+--------+--------+--------+--------+-----+--------+
         Total |    617 |    617 |      0 |      0 |    484 |   1 |  617.0 |
       Dungeon |    617 |    617 |      0 |      0 |    484 |   1 |  617.0 |
               +--------+--------+--------+--------+--------+-----+--------+

Top non-repeatable levels by time:
     D:1: 617 daAuts
